 Dungeon Crawl Stone Soup version 0.14-a0-1590-g25a9b7f (webtiles) character file.

20425 ReteAZ the Grappler (level 12, -1/100 HPs)
             Began as a Troll Warper on Dec 23, 2013.
             Was a High Priest of Okawaru.
             Slain by a wight
             ... wielding a cursed +0,+0 spear
              (9 damage)
             ... on Level 12 of the Dungeon.
             The game lasted 01:17:06 (12072 turns).

ReteAZ the Grappler (Troll Warper)                 Turns: 12072, Time: 01:17:06

HP  -1/100       AC  8     Str 23      XL: 12   Next: 39%
MP  15/15        EV 11     Int 11      God: Okawaru [*****.]
Gold 655         SH 24     Dex 10      Spells:  3 memorised,  8 levels left

rFire  + . .     SeeInvis +       - Unarmed
rCold  + . .     Clarity  .     Z - +1 elf robe {rC+}
rNeg   . . .     Conserve .     I - +4 shield of Buikhidgh {SInv Curse}
rPois  +         rCorr    .     i - +1 cap
rElec  .         rRot     .     M - +0 elf cloak {rPois}
SustAb . .       Spirit   .     (gloves unavailable)
rMut   +         Warding  .     (boots unavailable)
Gourm  +         Stasis   .     b - amulet of resist mutation
                                q - ring of wizardry
                                w - cursed ring of protection from fire

@: non-regenerating, mildly diseased, drained, somewhat resistant to hostile
enchantments, unstealthy
A: unfitting armour, claws 3, fast metabolism 3, gourmand, regeneration 2,
saprovore 2, shaggy fur 1, tough skin 2
a: Heroism, Finesse, Renounce Religion


You were on level 12 of the Dungeon.
You worshipped Okawaru.
Okawaru was extremely pleased with you.
You were very hungry.

You visited 2 branches of the dungeon, and saw 15 of its levels.

You collected 759 gold pieces.
You spent 104 gold pieces at shops.

Inventory:

Hand weapons
 S - a +3,+0 scimitar of flaming
Missiles
 F - 7 steel javelins
 O - 3 large rocks (quivered)
Armour
 i - a +1 cap (worn)
 I - the +4 shield of Buikhidgh (worn) {SInv Curse}
   (You acquired it on level 10 of the Dungeon)

   It enhances your eyesight.
   It may recurse itself.
 M - a +0 elven cloak of poison resistance (worn)
 Z - a +1 elven robe of cold resistance (worn)
Magical devices
 j - a wand of fire (5)
 t - a wand of fireball (2)
 E - a wand of digging (12)
 U - a wand of heal wounds (0)
Comestibles
 a - 5 meat rations
 s - 12 bread rations
 z - 3 chokos
 A - 12 grapes
 N - 8 slices of pizza
 W - a snozzcumber
Scrolls
 d - 3 scrolls of blinking
 h - a scroll of fear
 l - a scroll of fog
 r - 6 scrolls of remove curse
 u - a scroll of enchant weapon I
 v - 3 scrolls of teleportation
 H - a scroll of curse weapon {unknown}
Jewellery
 b - an amulet of resist mutation (around neck)
 e - an uncursed ring of protection from cold
 q - a ring of wizardry (right claw)
 w - a cursed ring of protection from fire (left claw)
 X - an uncursed amulet of stasis
Potions
 k - 2 potions of invisibility {unknown}
 m - 3 potions of heal wounds
 n - 2 potions of brilliance
 p - 3 potions of curing
 x - 4 potions of restore abilities
 C - a potion of lignification {unknown}
 D - 3 potions of might {unknown}
 G - a potion of mutation {unknown}
 L - a potion of cure mutation {unknown}
 P - a potion of agility {unknown}
 Q - a potion of magic {unknown}
Books
 c - a book of Spatial Translocations

   Spells                             Type                      Level
   *Apportation                       Translocation                1
   *Portal Projectile                 Translocation                2
   *Blink                             Translocation                2
   Shroud of Golubria                 Charms/Translocation         2
   Teleport Other                     Translocation                3
   Passage of Golubria                Translocation                4
 f - a book of Burglary

   Spells                             Type                      Level
   *Apportation                       Translocation                1
   Swiftness                          Charms/Air                   2
   Passwall                           Transmutation/Earth          3
   Passage of Golubria                Translocation                4
   Lee's Rapid Deconstruction         Earth                        5
   Darkness                           Hexes                        7
 g - a book of Alchemy

   Spells                             Type                      Level
   Lethal Infusion                    Charms/Necromancy            2
   Sublimation of Blood               Necromancy                   2
   Condensation Shield                Ice                          4
   Alistair's Intoxication            Transmutation/Poison         4
   Petrify                            Transmutation/Earth          4
   Ignite Poison                      Fire/Transmutation           5
 J - a book of the Sky

   Spells                             Type                      Level
   Flight                             Charms/Air                   3
   Airstrike                          Air                          4
   Silence                            Hexes/Air                    5
   Deflect Missiles                   Charms/Air                   6
   Conjure Ball Lightning             Conjuration/Air              6
   Tornado                            Air                          9


   Skills:
 - Level 1.5(1.1) Fighting
 + Level 3.1(2.7) Throwing
 - Level 7.2(6.8) Dodging
 * Level 6.9(6.5) Shields
 - Level 14.1(13.6) Unarmed Combat
 - Level 1.2(0.8) Spellcasting
 - Level 5.1(4.7) Translocations
 - Level 5.2(4.8) Invocations


You had 8 spell levels left.
You knew the following spells:

 Your Spells              Type           Power        Failure   Level  Hunger
a - Apportation           Tloc           ##........   1%          1    ##.....
b - Blink                 Tloc           N/A          3%          2    ###....
c - Portal Projectile     Tloc           ##....       3%          2    ###....


Dungeon Overview and Level Annotations

Branches:
Dungeon (12/16)            Temple (0/1) D:6            Lair (3/8) D:9
    Orc: D:9-12       Swamp: Lair:3-6    Shoals: Lair:3-6     Snake: Lair:3-6
 Spider: Lair:3-6

Altars:
Elyvilon
Fedhas
Makhleb
Okawaru
Xom

Shops:
D:4 !%:(*

Annotations:
D:4 Menkaure


Innate Abilities, Weirdness & Mutations

You are too large for most types of armour.
You have claws for hands.
Your metabolism is lightning-fast.
You like to eat raw meat.
You heal very quickly.
You can eat rotten meat.
You are covered in fur (AC +1).
You have very tough skin (AC +2).


Message History

You hit the wight but do no damage.
The wight is almost destroyed.
You block the wight's attack.
You closely miss the wight.
The wight is almost destroyed.
You closely miss the wight.
The wight is almost destroyed.
The wight hits you but does no damage.
You barely miss the wight.
The wight is almost destroyed.
The wight hits you with a spear.
* * * LOW HITPOINT WARNING * * *
You hit the wight but do no damage.
The wight is almost destroyed.
The wight hits you with a spear.
* * * LOW HITPOINT WARNING * * *
You closely miss the wight.
The wight is almost destroyed.
The wight hits you with a spear!
You die...

#.##.###.................
#.##)# #..##.###.#.######
#.##.#.....#..............
#.##.#....................#
#.##.#...................$..
#.##.#.....#.#....(......!##.
#.##.#..........:............
#.##.#.....#z#...............
#.##.#...# #@#........)......
#.##.###.# #.#...........$...
#.##.###.###.####............
#.##.......#.# ##.###.......
#.##.......#<#####.####..###.
#.##.........................
#.##.......)..####.####..####
#.##.......#..# #.......#
#.##########..# #.......####


You could see a wight.

Vanquished Creatures
  Fannar (Lair:3)
  Erica (Lair:2)
  Urug (D:11)
  Nergalle (D:11)
  Erolcha (D:9)
  2 unseen horrors
  3 hill giants
  An orc knight (D:11)
  A griffon (Lair:2)
  2 spiny frogs
  A black mamba (Lair:1)
  An elf (D:11)
  Grinder (D:5)
  3 trolls
  2 komodo dragons
  2 basilisks (Lair:1)
  A hill giant zombie (D:8)
  An elephant slug (Lair:3)
  5 yaks
  Grum (D:10)
  A deep elf fighter (D:9)
  2 vampire mosquitoes (D:11)
  A hill giant skeleton (D:11)
  7 wolves
  2 hippogriffs
  Edmund (D:4)
  4 manticores
  A yellow wasp (D:9)
  3 necrophages
  A porcupine (Lair:1)
  3 sky beasts
  2 black bears
  4 humans
  4 ice beasts
  5 ogres
  2 orc warriors
  4 phantoms
  3 centaurs
  9 giant frogs
  3 giant slugs
  2 water moccasins
  5 crocodiles
  A manticore zombie (D:9)
  A cyclops zombie (D:9)
  A troll zombie (D:11)
  4 killer bees (D:8)
  8 wights
  A goliath beetle (D:9)
  11 crimson imps
  5 orc priests
  6 hounds
  4 iguanas
  4 jellies
  A giant frog skeleton (D:7)
  A centaur skeleton (D:10)
  9 orc wizards
  7 worker ants
  3 scorpions
  A water moccasin skeleton (D:9)
  Ijyb (D:4)
  A big kobold skeleton (D:9)
  14 gnolls
  14 adders
  3 giant centipedes
  11 green rats
  2 giant mites
  8 worms
  An adder skeleton (D:6)
  3 giant eyeballs
  An iguana skeleton (D:4)
  6 giant geckos
  2 oozes
  38 orcs
  4 ball pythons
  9 giant cockroaches
  15 goblins
  14 hobgoblins
  13 jackals
  10 kobolds
  6 quokkas
  28 bats
  6 giant newts
  A giant spore (D:6)
  A kobold skeleton (D:6)
  A quokka skeleton (D:5)
  23 rats
  A rat skeleton (D:6)
  15 ballistomycetes
  3 fungi
424 creatures vanquished.

Vanquished Creatures (others)
  An iguana (Lair:2)
  A giant spore (D:9)
2 creatures vanquished.

Grand Total: 426 creatures vanquished

Notes
Turn   | Place    | Note
--------------------------------------------------------------
     0 | D:1      | ReteAZ, the Troll Warper, began the quest for the Orb.
     0 | D:1      | Reached XP level 1. HP: 19/19 MP: 2/2
    98 | D:1      | Reached XP level 2. HP: 27/27 MP: 2/2
   189 | D:1      | Reached skill level 3 in Unarmed Combat
   616 | D:1      | Reached XP level 3. HP: 33/33 MP: 3/3
   620 | D:1      | Learned a level 2 spell: Blink
  1060 | D:2      | Reached skill level 4 in Unarmed Combat
  1179 | D:2      | Found a burning altar of Makhleb.
  1180 | D:2      | Found a white marble altar of Elyvilon.
  1552 | D:3      | Reached XP level 4. HP: 41/41 MP: 4/4
  1883 | D:3      | Reached skill level 5 in Unarmed Combat
  1891 | D:3      | Reached XP level 5. HP: 28/48 MP: 4/4
  2041 | D:3      | Reached skill level 6 in Unarmed Combat
  2098 | D:4      | Found Weigan's Book Shop.
  2098 | D:4      | Noticed an ogre
  2108 | D:4      | Killed an ogre
  2108 | D:4      | Reached XP level 6. HP: 26/55 MP: 5/5
  2166 | D:4      | Noticed an ice beast
  2180 | D:4      | Killed an ice beast
  2180 | D:4      | Reached skill level 7 in Unarmed Combat
  2304 | D:4      | Noticed Edmund
  2320 | D:4      | Found Stieshua's Antique Weapon Boutique.
  2528 | D:4      | Found Ghefuxo's Food Shop.
  2547 | D:4      | Found Oxieteta's Distillery.
  2567 | D:4      | Reached XP level 7. HP: 62/62 MP: 5/5
  2583 | D:4      | Bought a potion of heal wounds for 39 gold pieces
  2583 | D:4      | Bought a potion of heal wounds for 39 gold pieces
  2583 | D:4      | Bought a potion of curing for 26 gold pieces
  2611 | D:4      | Noticed Ijyb
  2611 | D:4      | Noticed Menkaure
  2623 | D:5      | Entered Level 5 of the Dungeon
  2681 | D:5      | Found a blossoming altar of Fedhas.
  2757 | D:5      | Reached skill level 8 in Unarmed Combat
  2952 | D:5      | Reached skill level 9 in Unarmed Combat
  3102 | D:5      | Found an iron altar of Okawaru.
  3109 | D:5      | Became a worshipper of Warmaster Okawaru
  3249 | D:5      | Found a shimmering altar of Xom.
  3400 | D:6      | Noticed Grinder
  3405 | D:6      | Paralysed by Grinder for 6 turns
  3426 | D:5      | Killed Grinder
  3426 | D:5      | Reached XP level 8. HP: 16/69 MP: 3/6
  3535 | D:6      | Reached skill level 10 in Unarmed Combat
  3616 | D:6      | Found a staircase to the Ecumenical Temple.
  3673 | D:6      | Acquired Okawaru's first power
  3944 | D:6      | Paralysed by a giant eyeball for 3 turns
  4039 | D:4      | Found Ilalaata's Assorted Antiques.
  4071 | D:4      | Killed Edmund
  4071 | D:4      | Reached XP level 9. HP: 42/75 MP: 5/7
  4386 | D:4      | Killed Ijyb
  5273 | D:8      | Reached skill level 11 in Unarmed Combat
  5545 | D:8      | Reached skill level 5 in Dodging
  5726 | D:8      | HP: 3/75 [poisoned by a centaur]
  5731 | D:8      | HP: 1/75 [poisoned by a centaur]
  5737 | D:8      | HP: 1/75 [poisoned by a centaur]
  5921 | D:8      | Reached skill level 5 in Translocations
  6214 | D:9      | Reached XP level 10. HP: 84/84 MP: 7/7
  6385 | D:9      | Reached skill level 1 in Invocations
  6502 | D:9      | Found a staircase to the Lair.
  6536 | D:9      | Noticed Erolcha
  7039 | D:9      | Killed Erolcha
  7039 | D:9      | Reached skill level 12 in Unarmed Combat
  7113 | Lair:1   | Entered Level 1 of the Lair of Beasts
  7305 | Lair:1   | Noticed a black mamba
  7326 | Lair:1   | HP: 4/84 [black mamba (12)]
  7328 | Lair:1   | Killed a black mamba
  7332 | Lair:1   | HP: 4/84 [poisoned by a black mamba]
  7337 | Lair:1   | HP: 3/84 [poisoned by a black mamba]
  7340 | Lair:1   | HP: 1/84 [poisoned by a black mamba]
  7516 | Lair:1   | Acquired Okawaru's second power
  7826 | Lair:1   | Noticed a five-headed hydra
  7907 | Lair:2   | Learned a level 2 spell: Portal Projectile
  8156 | Lair:2   | Reached XP level 11. HP: 69/91 MP: 13/13
  8629 | Lair:2   | Noticed Erica
  8653 | Lair:2   | Killed Erica
  8653 | Lair:2   | Reached skill level 5 in Invocations
  8681 | Lair:2   | Noticed a griffon
  8695 | Lair:2   | Killed a griffon
  8901 | Lair:3   | Reached skill level 13 in Unarmed Combat
  9094 | Lair:3   | Noticed Fannar
  9107 | Lair:3   | Killed Fannar
  9153 | Lair:3   | Noticed a six-headed hydra
  9412 | D:10     | Entered Level 10 of the Dungeon
  9534 | D:10     | Identified 2 scrolls of acquirement
  9546 | D:10     | Got an ancient shield
  9553 | D:10     | Identified the +4 shield of Buikhidgh {SInv Curse} (You acquired it on level 10 of the Dungeon)
  9615 | D:10     | Noticed a hill giant
  9704 | D:10     | Killed a hill giant
  9704 | D:10     | Reached skill level 1 in Shields
  9813 | D:10     | Received a gift from Okawaru
  9814 | D:10     | Noticed Grum
  9825 | D:10     | Killed Grum
 10038 | D:10     | Noticed an unseen horror
 10055 | D:10     | Killed an unseen horror
 10325 | D:11     | Noticed Nergalle
 10342 | D:11     | Killed Nergalle
 10351 | D:11     | Reached skill level 14 in Unarmed Combat
 10684 | D:11     | Reached XP level 12. HP: 92/100 MP: 15/15
 10686 | D:11     | Reached skill level 5 in Shields
 10756 | D:11     | Noticed Urug
 10773 | D:11     | Killed Urug
 10842 | D:11     | Reached skill level 1 in Throwing
 10958 | D:11     | Paralysed by a giant eyeball for 4 turns
 10965 | D:11     | Paralysed by a giant eyeball for 3 turns
 12072 | D:12     | Slain by a wight

Action                   |  1- 3 |  4- 6 |  7- 9 | 10-12 || total
-------------------------+-------+-------+-------+-------++-------
Melee: Unarmed           |   127 |   145 |   404 |   754 ||  1430
Throw: Dart              |       |    18 |     9 |     1 ||    28
       Tomahawk          |       |       |     4 |     5 ||     9
       Javelin           |       |       |       |     7 ||     7
       Large rock        |       |       |       |     5 ||     5
 Cast: Blink             |       |     1 |     1 |     1 ||     3
       Apportation       |       |       |     1 |       ||     1
       Portal Projectile |       |       |       |     2 ||     2
Invok: Heroism           |       |       |     4 |    12 ||    16
       Finesse           |       |       |       |     1 ||     1
Evoke: Wand              |       |       |     3 |    16 ||    19
  Use: Potion            |       |       |     2 |     5 ||     7
       Scroll            |       |       |     3 |    20 ||    23
 Stab: Confused          |       |       |     1 |       ||     1
       Sleeping          |       |       |       |     1 ||     1
